AoeStats
← LanceYu

African Clearing

506632369Analyzed
4v4 RM · 16d ago on Sep 14, 2026· 18m 6s· 8 players
Game mode
Random Map
Map size
Large (8 player)
Population
200
Speed
Normal
Resources
Standard
Victory
Conquest
Starting age
Dark Age
Ending age
Imperial Age
RankedLock teamsTeams togetherTeam positionsShared explorationLock speedFull tech treeHidden civsTurbo modeCheats
Victory
Defeat
🇹🇼 Berbers · Taiwan
1526
+7
🇹🇼 Chinese · Taiwan
1396
+11
🇹🇼 Mongols · Taiwan
1290
+16
🇹🇼 Vietnamese · Taiwan
1199
+18
🇹🇼 Mongols · Taiwan
1345
-15
🇩🇪 Gurjaras · Germany
1288
-13
🇨🇳 Britons · China
1281
-13
🇹🇼 Dravidians · Taiwan
1243
-11
KingDiss
馬上贏
綾瀨 奏
5:03 Loom
老头
6:43 Loom
HanShiba
7:34 Loom
13:24 Feudal Age
Oscar_Lee
10:24 Loom
13:46 Feudal Age
17:38 Castle Age
17:25 Double-Bit Axe
17:20 Horse Collar
17:34 Gold Mining
17:36 Fletching
17:46 Padded Archer Armor
LanceYu
2:44 Loom
12:47 Feudal Age
17:00 Castle Age
16:15 Gold Mining
16:16 Double-Bit Axe
18:18 Forging
18:10 Stone Mining
18:18 Horse Collar
礦石頭人
11:10 Feudal Age
9:59 Loom
11:40 Double-Bit Axe
16:24 Castle Age
17:08 Husbandry
Connection lost

Rejoining the realm…

Still unreachable

The connection could not be restored.

Session expired

The server has moved on; the page needs a fresh start.